[Event "*** Titled Tuesday Blitz"]
[Site "Chess.com"]
[Date "2020.11.03"]
[Round "3"]
[White "Michaelson_11"]
[Black "saraswathii"]
[Result "0-1"]
[WhiteElo "2144"]
[BlackElo "2374"]
[TimeControl "180+1"]
[EndTime "10:30:16 PST"]
[Termination "saraswathii won by resignation"]

1. e4 c5 2. Nf3 e6 3. d4 cxd4 4. Nxd4 Nf6 5. Nc3 Nc6 6. Ndb5 Bb4 7. a3 Bxc3+ 8. Nxc3 d5 9. exd5 exd5 10. Bd3 d4 11. Ne2 O-O 12. O-O Qd5 13. Bf4 h6 14. Qd2 Ne5 15.
h3 Nxd3 16. Qxd3 Bf5 17. Qxd4 Bxc2 18. Bxh6 Bd3 19. Qxd5 Nxd5 20. Nf4 Nxf4 21. Bxf4 Bxf1 22. Rxf1 Rfe8 23. Be3 a6 24. Rc1 Rac8 25. Rd1 Red8 26. Re1 Rc2 27. Rb1 Rd3 28. b4 Rxa3 29. Rd1 Rb3 30. Rd8+ Kh7 31. Bc5 a5 32. Rd4 a4 33.
Rd7 a3 34. Rxb7 Rxc5 0-1

[Event "*** Titled Tuesday Blitz"]
[Site "Chess.com"]
[Date "2020.11.03"]
[Round "3"]
[White "Pertinhez76"]
[Black "MF1966Idrisov"]
[Result "1-0"]
[WhiteElo "2147"]
[BlackElo "2338"]
[TimeControl "180+1"]
[EndTime "10:30:16 PST"]
[Termination "Pertinhez76 won on time"]

1. e4 c6 2. Nc3 d5 3. Nf3 Bg4 4. h3 Bxf3 5. Qxf3 e6 6. d3 Bb4 7. Bd2 d4 8. Nb1 Qa5 9. g4 Ne7 10. a3 Bxd2+ 11. Nxd2 Nd7 12. Qg3 Ng6 13. f4 f5 14. e5 Ne7 15. Bg2 O-O 16. O-O-O Nc5 17. Nc4 Qa6 18. Rhg1 Na4 19. h4 Qb5 20. h5 fxg4 21.
Be4 Nf5 22. Qxg4 Rf7 23. b3 Nb6 24. Nd6 Nxd6 25. exd6 Re8 26. h6 Qc5 27. hxg7 Qxa3+ 28. Kd2 Qb4+ 29. Ke2 Qxd6 30. Bxh7+ 1-0

[Event "*** Titled Tuesday Blitz"]
[Site "Chess.com"]
[Date "2020.11.03"]
[Round "3"]
[White "PauloCesarCosta_sad"]
[Black "nitpicker"]
[Result "1-0"]
[WhiteElo "2334"]
[BlackElo "2129"]
[TimeControl "180+1"]
[EndTime "10:30:18 PST"]
[Termination "PauloCesarCosta_sad won on time"]

1. Nf3 Nf6 2. c4 b6 3. g3 Bb7 4.
Bg2 e6 5. O-O c6 6. Nc3 d5 7. b3 d4 8. Nb1 c5 9. e3 Nc6 10. exd4 cxd4 11. Re1 Bc5 12. d3 O-O 13. Ba3 a5 14. Bxc5 bxc5 15. Na3 a4 16. Nb5 axb3 17. Qxb3 Qe7 18. a4 Rfb8 19. Qd1 Nb4 20. Qd2 Ra6 21. Reb1 Nc6 22. Qe2 Rba8 23. Ne5 Nxe5 24. Bxb7 Qxb7 25. Qxe5 Qc6 26. Nc7 Nd7 27. Nxa8 Rxa8 28. Qe4 Qxe4 29. dxe4 Ne5 30. Rc1 1-0

[Event "*** Titled Tuesday Blitz"]
[Site "Chess.com"]
[Date "2020.11.03"]
[Round "3"]
[White "Lestofante90"]
[Black "LiemLe"]
[Result "1/2-1/2"]
[WhiteElo "2752"]
[BlackElo "3004"]
[TimeControl "180+1"]
[EndTime "10:30:19 PST"]
[Termination "Game drawn by repetition"]

1. e4 c5 2. Nf3 Nc6 3. d4 cxd4 4. Nxd4 Nf6 5. Nc3 d6 6. Bg5 e6 7. Qd3 Bd7 8. Ndb5 Nb4 9. Qd2 a6 10. Nd4 Be7 11. Bc4 b5 12. Bb3 Qb6 13. O-O Nc6 14. Nxc6 Bxc6 15. Rae1 O-O 16. Nd5 Bxd5 17. exd5 e5 18.
Kh1 Rae8 19. f3 Nd7 20. Be3 Qb7 21. c4 Bd8 22. cxb5 axb5 23. Rc1 Bb6 24. Rc6 Bxe3 25. Qxe3 Qb8 26. a4 bxa4 27. Bxa4 Rc8 28. Rfc1 Nc5 29. Qa3 Rxc6 30. dxc6 Nxa4 31. Qxa4 Qxb2 32. Rd1 Qc3 33. h3 Qc5 34. Rd2 Rb8 35. Rc2 Rb1+ 36. Kh2 Qg1+ 37. Kg3 Qe1+ 38. Kh2 Qg1+ 39. Kg3 Qe1+ 40. Kh2 Qg1+ 1/2-1/2

[Event "*** Titled Tuesday Blitz"]
[Site "Chess.com"]
[Date "2020.11.03"]
[Round "3"]
[White "Sergienko_Sergey"]
[Black "GAusal"]
[Result "1-0"]
[WhiteElo "2321"]
[BlackElo "2066"]
[TimeControl "180+1"]
[EndTime "10:30:19 PST"]
[Termination "Sergienko_Sergey won on time"]

1. e4 e6 2. d4 d5 3. Nc3 Bb4 4. e5 Ne7 5. a3 Ba5 6. Qg4 c5 7. Qxg7 Rg8 8. Qxh7 cxd4 9. b4 Bc7 10.
Nb5 Bxe5 11. Nf3 Bd6 12. Bg5 Rf8 13. Bh6 Nf5 14. Nxd6+ Qxd6 15. Bxf8 Qxf8 16. Bd3 Nd6 17. Nxd4 a6 18. O-O Nc6 19. Nxc6 bxc6 20. Rfe1 a5 21. c3 Ba6 22. Bxa6 Rxa6 23. h4 Kd7 24. Qd3 Ra8 25.
Rad1 Kc7 26. Qg3 Kd7 27. Qf4 Nf5 28. c4 axb4 29. cxd5 1-0

[Event "*** Titled Tuesday Blitz"]
[Site "Chess.com"]
[Date "2020.11.03"]
[Round "3"]
[White "MomchilPetkov"]
[Black "GM_Levan_Pantsulaia"]
[Result "1-0"]
[WhiteElo "2657"]
[BlackElo "2841"]
[TimeControl "180+1"]
[EndTime "10:30:20 PST"]
[Termination "MomchilPetkov won by resignation"]

1. d4 Nf6 2. Bf4 d6 3. Nf3 g6 4.
h3 Bg7 5. e3 O-O 6. Be2 b6 7. O-O Bb7 8. c4 Nfd7 9. Nc3 e5 10.
Bh2 Nc6 11. Rc1 Re8 12. Re1 h6 13. Nd5 Ne7 14. dxe5 dxe5 15. Nc3 Nf5 16. Qc2 e4 17. Nd2 Nc5 18. Red1 Qc8 19. Nd5 Bxd5 20. cxd5 a5 21. Bb5 Re7 22. Bc6 Rb8 23. a3 Nh4 24. d6 cxd6 25. Bxd6 Re6 26. Bxb8 Rxc6 27. Bg3 Nf5 28. Nxe4 Nxg3 29. Nxg3 a4 30. Qe2 Be5 31. f4 Bg7 32. Qf3 Re6 33. Rc2 Qe8 34. Rcd2 Rxe3 35. Rd8 Re1+ 36.
Kh2 1-0

[Event "*** Titled Tuesday Blitz"]
[Site "Chess.com"]
[Date "2020.11.03"]
[Round "3"]
[White "ErikRonka"]
[Black "KingCrusher275"]
[Result "0-1"]
[WhiteElo "2378"]
[BlackElo "2598"]
[TimeControl "180+1"]
[EndTime "10:30:21 PST"]
[Termination "KingCrusher275 won by resignation"]

1. e4 c5 2. Nf3 e6 3. d4 cxd4 4. Nxd4 Nc6 5. Nc3 Qc7 6. Qd3 a6 7. Nxc6 dxc6 8. Qg3 Qxg3 9. hxg3 Nf6 10. e5 Nd5 11.
Ne4 b5 12. a3 Bb7 13. c4 bxc4 14. Bxc4 c5 15. f3 Be7 16. Ke2 O-O 17. Bd2 Nb6 18.
Bd3 c4 19. Bc2 h6 20. g4 Nd7 21.
g5 Bxe4 22. Bxe4 Rab8 23. gxh6 Rxb2 24. hxg7 Rd8 25. Rh8+ Kxg7 26. Rh7+ Kg8 27. Rah1 Nf8 28. Rh8+ Kg7 29. R8h7+ Nxh7 30. Rxh7+ Kg8 0-1

[Event "*** Titled Tuesday Blitz"]
[Site "Chess.com"]
[Date "2020.11.03"]
[Round "3"]
[White "MissingLife"]
[Black "Chessdude1987"]
[Result "1-0"]
[WhiteElo "2109"]
[BlackElo "2296"]
[TimeControl "180+1"]
[EndTime "10:30:21 PST"]
[Termination "MissingLife won by checkmate"]

1. Nf3 Nf6 2. g3 g6 3. c4 Bg7 4. Bg2 O-O 5. O-O d6 6. d3 Nc6 7. Nc3 a6 8. Rb1 Rb8 9. b4 b5 10. a4 bxc4 11. b5 axb5 12. axb5 Na5 13. Qa4 c6 14. dxc4 Nd7 15. Bd2 Nc5 16. Qa2 Be6 17.
Rb4 cxb5 18. Rxb5 Nxc4 19. Rxb8 Qxb8 20. Ng5 Nxd2 21. Qxd2 Bd7 22. Nd5 Qd8 23. Rb1 e6 24.
Nb4 d5 25. h4 f6 26. Nf3 Ne4 27. Qe3 Qa5 28. Nd4 Rb8 29. Ndc2 f5 30. h5 Ba4 31.
Qf4 e5 32. Qc1 Bxc2 33. Nxc2 Rc8 34. hxg6 hxg6 35. Qb2 Qd2 36. Bxe4 dxe4 37. Qb3+ Kh7 38. Kg2 Qxc2 39. Rh1+ Bh6 40. Qf7+ Kh8 41. Rxh6# 1-0

[Event "*** Titled Tuesday Blitz"]
[Site "Chess.com"]
[Date "2020.11.03"]
[Round "3"]
[White "krzyzan94"]
[Black "Ajedrez_con_German"]
[Result "1-0"]
[WhiteElo "2649"]
[BlackElo "2472"]
[TimeControl "180+1"]
[EndTime "10:30:22 PST"]
[Termination "krzyzan94 won by resignation"]

1. d4 d5 2. Nf3 c6 3. c4 Nf6 4.
Nc3 e6 5. cxd5 exd5 6. Bg5 Be7 7.
e3 Bf5 8. Qb3 Qb6 9. Ne5 Qxb3 10. axb3 Nbd7 11. f3 Nxe5 12. dxe5 Nd7 13. Bxe7 Kxe7 14.
g4 Be6 15. f4 Bxg4 16. Rg1 Bf5 17. Rxg7 Nc5 18. b4 Nd3+ 19. Bxd3 Bxd3 20. Rg3 a6 21. Kd2 Bf5 22. Na4 Rag8 23. Rag1 Rg6 24. Nc5 Bc8 25. Nb3 Rhg8 26. Nd4 f6 27. exf6+ Kxf6 28. Nf3 Bf5 29. Ne5 Rxg3 30. hxg3 Rd8 31. g4 Be4 32. Kc3 b6 33. Kd4 c5+ 34. bxc5 bxc5+ 35. Kxc5 Rc8+ 36. Kd6 Rc2 37. Ra1 Rxb2 38. Rxa6 Rb3 39.
Ra7 Rb6+ 40. Kc5 Rb3 41. Ra6+ Ke7 42. Nc6+ Kf7 43. Kd4 Rb1 44. Ne5+ Ke7 45. Ra7+ Ke8 46. f5 Rd1+ 47. Kc5 Re1 48. Kd6 d4 49. exd4 Rd1 50.
Re7+ Kd8 51. Nf7+ Kc8 52. Rxe4 1-0

[Event "*** Titled Tuesday Blitz"]
[Site "Chess.com"]
[Date "2020.11.03"]
[Round "3"]
[White "Xeniya2005"]
[Black "keshka01"]
[Result "1-0"]
[WhiteElo "2385"]
[BlackElo "2559"]
[TimeControl "180+1"]
[EndTime "10:30:22 PST"]
[Termination "Xeniya2005 won by resignation"]

1. e4 Nf6 2. e5 Nd5 3. d4 d6 4. exd6 exd6 5. c4 Nb6 6. h3 Be7 7. Nf3 O-O 8. Bf4 Bf6 9. Be2 Nc6 10. O-O Re8 11. Nc3 Bf5 12. Rc1 h6 13. b3 a5 14.
a4 Nb4 15. Qd2 c6 16. Rfe1 d5 17.
c5 Nd7 18. Na2 Nxa2 19. Qxa2 Nf8 20. Qd2 Ne6 21. Bg3 Ng5 22. Nxg5 Bxg5 23. Bf4 Re4 24.
Bxg5 Qxg5 25. Qc3 Bxh3 26. Qxh3 Rxe2 27. Rxe2 Qxc1+ 28. Kh2 Qf4+ 29. Qg3 Qxd4 30. Re7 Qxc5 31. Rxb7 Re8 32. Qf4 Re7 33. Rb8+ Kh7 34. Qf5+ g6 35. Qf6 1-0

[Event "*** Titled Tuesday Blitz"]
[Site "Chess.com"]
[Date "2020.11.03"]
[Round "3"]
[White "Savva09022009"]
[Black "BlackBoarder"]
[Result "1-0"]
[WhiteElo "2373"]
[BlackElo "2545"]
[TimeControl "180+1"]
[EndTime "10:30:22 PST"]
[Termination "Savva09022009 won by resignation"]

1. d4 e6 2. Nc3 d5 3. Bf4 Bd6 4. e3 Bxf4 5. exf4 Nf6 6. Nf3 Nbd7 7. Bd3 c5 8. dxc5 Nxc5 9. O-O O-O 10. Ne5 Nxd3 11. cxd3 Bd7 12. Ne2 Qb6 13. Qb3 Qxb3 14. axb3 a6 15. Nd4 Rfc8 16. b4 Be8 17. Rfc1 Nd7 18.
Kf1 Kf8 19. Ke2 Ke7 20. Kd2 Kd6 21. Re1 Nxe5 22. fxe5+ Ke7 23. Rec1 Bd7 24. Rc5 f6 25. f4 fxe5 26. fxe5 Rxc5 27. bxc5 Rf8 28. Ke3 Be8 29. b4 Bd7 30. c6 bxc6 31. Rxa6 Rb8 32. Rxc6 Kf7 33.
Rc7 Ke8 34. b5 Kd8 35. Ra7 Rb6 36. Kd2 g5 37. Kc3 Bxb5 38. Rxh7 Bd7 39. Rg7 Ra6 40. Rxg5 Ra2 41. h4 Ra1 42. h5 Rh1 43. g4 Ke7 44.
Rg7+ Kd8 45. Rh7 Ke8 46. g5 Bc8 47. h6 Rg1 48. Rh8+ Kd7 49. h7 Rxg5 50. Rxc8 Rh5 51. h8=Q 1-0

[Event "*** Titled Tuesday Blitz"]
[Site "Chess.com"]
[Date "2020.11.03"]
[Round "3"]
[White "grandcoach"]
[Black "UmarovSabir"]
[Result "0-1"]
[WhiteElo "2086"]
[BlackElo "2330"]
[TimeControl "180+1"]
[EndTime "10:30:22 PST"]
[Termination "UmarovSabir won on time"]

1. e4 g6 2. d4 Bg7 3. Nc3 c6 4. f4 d5 5. e5 Nh6 6. Nf3 O-O 7. Be2 Bg4 8. h3 Bxf3 9. Bxf3 Nf5 10. O-O e6 11.
Ne2 c5 12. c3 Qb6 13. g4 Ne7 14. Be3 cxd4 15. cxd4 Qxb2 16. Rb1 Qa3 17. Rb3 Qa6 18. Ng3 Nbc6 19. f5 f6 20. Be2 Qxa2 21. Rxb7 fxe5 22. fxg6 Nxg6 23. Nh5 Bh8 24. Bh6 Nxd4 25. Bd3 e4 26.
Bxf8 Rxf8 27. Rxf8+ Nxf8 28. Qf1 Nf3+ 29. Qxf3 exf3 30.
Bxh7+ Nxh7 0-1

[Event "*** Titled Tuesday Blitz"]
[Site "Chess.com"]
[Date "2020.11.03"]
[Round "3"]
[White "FontVella8"]
[Black "RamyresCoelho"]
[Result "1-0"]
[WhiteElo "2477"]
[BlackElo "2049"]
[TimeControl "180+1"]
[EndTime "10:30:23 PST"]
[Termination "FontVella8 won by resignation"]

1. e4 c5 2. Nf3 d6 3. d4 cxd4 4. Qxd4 Nc6 5. Qe3 Nf6 6. c4 e5 7. h3 h6 8. Be2 Be7 9. Nc3 O-O 10.
O-O Be6 11. Rd1 a6 12. b3 Qc7 13. Bb2 Rfd8 14. Rd2 Rac8 15. Rad1 Bf8 16. Nd5 Bxd5 17. exd5 Ne7 18. Nxe5 dxe5 19. d6 Qb8 20. dxe7 Bxe7 21. Bxe5 Qa8 22. Bf3 Rxd2 23. Rxd2 Rd8 24. Rxd8+ Qxd8 25. Bxb7 a5 26. Qd4 Qf8 27. Bc7 Bc5 28. Qd8 Ne8 29.
Bxa5 g5 30. Bc6 Bxf2+ 31. Kf1 Qd6 32. Qxd6 Nxd6 33. Kxf2 f5 34. c5 Nc8 35. Bd8 Kf7 36.
Bd7 Na7 37. Bb6 Ke7 38. Bxa7 Kxd7 39. b4 Kc6 40. Bb6 Kb5 41. Ke3 h5 42. a4+ Kxa4 43.
c6 Kxb4 44. c7 Kb5 45. c8=Q Kxb6 46. Qxf5 g4 47. h4 g3 48. Qxh5 Kc6 49. Qg4 Kd6 50. Qxg3+ Ke6 51. Qg5 Kf7 52. h5 Ke6 53. h6 Kf7 54. h7 Kf8 55. h8=N Ke8 56. g4 Kf8 57.
Qg6 1-0

[Event "*** Titled Tuesday Blitz"]
[Site "Chess.com"]
[Date "2020.11.03"]
[Round "3"]
[White "Nikolaj_6"]
[Black "ElusiveCat"]
[Result "1-0"]
[WhiteElo "2555"]
[BlackElo "2297"]
[TimeControl "180+1"]
[EndTime "10:30:23 PST"]
[Termination "Nikolaj_6 won by checkmate"]

1. e4 Nf6 2. e5 Nd5 3. d4 d6 4. c4 Nb6 5. exd6 cxd6 6. Nc3 g6 7. Be3 Bg7 8. Rc1 O-O 9. b3 Bf5 10. g4 Be6 11. Bg2 d5 12. c5 Nc8 13. h3 Nc6 14. Nge2 b6 15. Nf4 bxc5 16. dxc5 Qa5 17.
Bd2 Qxc5 18. Ncxd5 Qd6 19. Rxc6 Qxc6 20. Nxe7+ Nxe7 21.
Bxc6 Nxc6 22. Nxe6 fxe6 23. O-O Rad8 24. Qe1 Nd4 25.
Kg2 e5 26. Qe4 Nf3 27. Be3 Nd2 28. Bxd2 Rxd2 29. a4 Rb2 30. b4 Kh8 31. b5 Ra2 32. Qc4 Rb2 33. Qc5 Ra2 34. Qxa7 e4 35. Rd1 h5 36. Rd7 Bc3 37. gxh5 gxh5 38. Qc5 Rg8+ 39.
Kh2 Rc2 40. Qxh5# 1-0

[Event "*** Titled Tuesday Blitz"]
[Site "Chess.com"]
[Date "2020.11.03"]
[Round "3"]
[White "infinitegiantkiller"]
[Black "AlexOstrovskiy"]
[Result "0-1"]
[WhiteElo "2453"]
[BlackElo "2792"]
[TimeControl "180+1"]
[EndTime "10:30:24 PST"]
[Termination "AlexOstrovskiy won by resignation"]

1. d4 Nf6 2. c4 e5 3. dxe5 Ng4 4. Nf3 Bc5 5. e3 Nc6 6. Nc3 O-O 7. a3 a5 8. b3 Re8 9. Bb2 Ncxe5 10. Be2 Nxf3+ 11. Bxf3 Ne5 12. Be2 Ra6 13. Qc2 Rg6 14. g3 d6 15.
O-O-O Ng4 16. Bd3 Rh6 17. h3 Nxf2 18. h4 Bxe3+ 19. Kb1 Nxh1 20. Rxh1 Bd4 21. Rd1 c5 22. Ka2 Bg4 23. Rf1 Rf6 24. Bxh7+ Kf8 25. Rxf6 Qxf6 26. Be4 b6 27. Bc6 Re1 28. Qh7 g6 29. Qh6+ Kg8 30.
Qd2 Qe5 31. h5 Bxh5 32. Bd5 g5 33. Qh2 Bg6 34. Qd2 Kg7 35. g4 Qe3 36. Qh2 Bxc3 37.
Qxd6 Ra1+ 38. Bxa1 Qd2+ 0-1

[Event "*** Titled Tuesday Blitz"]
[Site "Chess.com"]
[Date "2020.11.03"]
[Round "3"]
[White "KaterinaMiroshnik"]
[Black "ViktoriyaTarasova"]
[Result "1-0"]
[WhiteElo "2512"]
[BlackElo "2261"]
[TimeControl "180+1"]
[EndTime "10:30:25 PST"]
[Termination "KaterinaMiroshnik won by resignation"]

1. d3 Nf6 2. Nf3 d5 3. Nbd2 c5 4. g3 e6 5. Bg2 Nc6 6. O-O Be7 7. c4 O-O 8. b3 a6 9. Bb2 b5 10. Rc1 Bb7 11. Qc2 Rc8 12. Qb1 d4 13. Rce1 e5 14.
cxb5 axb5 15. Rc1 Nd7 16. Rfe1 Re8 17. e3 dxe3 18. fxe3 Bf8 19. Ne4 f5 20. Ned2 g6 21. a4 bxa4 22. bxa4 Nb4 23. e4 Bg7 24. Nc4 f4 25.
Nd6 Rc7 26. Nxe8 Qxe8 27. Bc3 Nc6 28. gxf4 exf4 29. Qb3+ Kh8 30. Bxg7+ Kxg7 31. Qc3+ Kg8 32. d4 cxd4 33. Qc4+ Kg7 34. Nxd4 Nde5 35. Qc3 Rf7 36. Nxc6 Bxc6 37. Qd4 f3 38. Bxf3 Rxf3 39. Rc5 Rf5 40. exf5 1-0

[Event "*** Titled Tuesday Blitz"]
[Site "Chess.com"]
[Date "2020.11.03"]
[Round "3"]
[White "Pilopa"]
[Black "rududuyk"]
[Result "1-0"]
[WhiteElo "2480"]
[BlackElo "2172"]
[TimeControl "180+1"]
[EndTime "10:30:25 PST"]
[Termination "Pilopa won on time"]

1. d4 e6 2. c4 f5 3. Nf3 Nf6 4. Bg5 Bb4+ 5. Nbd2 O-O 6. e3 b6 7. Bd3 Bb7 8. O-O Qe8 9. Bxf6 Rxf6 10. e4 f4 11. e5 Rh6 12. Ne4 Qh5 13. Qc1 Qg4 14. Qd1 Nc6 15. d5 Rg6 16. g3 Ne7 17. Nh4 Qxh4 18.
Nf6+ gxf6 19. Bxg6 Qh3 20. Be4 fxe5 21. Bg2 Qh6 22.
dxe6 Bxg2 23. exd7 Rd8 24. Kxg2 Nf5 25. Qd5+ Kf8 26. Rae1 Bd6 27. b4 Rxd7 28. c5 bxc5 29. bxc5 Ne7 30. Qa8+ 1-0

[Event "*** Titled Tuesday Blitz"]
[Site "Chess.com"]
[Date "2020.11.03"]
[Round "3"]
[White "tylityli"]
[Black "Rap_woyska"]
[Result "0-1"]
[WhiteElo "2269"]
[BlackElo "2512"]
[TimeControl "180+1"]
[EndTime "10:30:26 PST"]
[Termination "Rap_woyska won by resignation"]

1. d4 Nf6 2. c4 c5 3. d5 b5 4.
Nd2 e6 5. e4 bxc4 6. Bxc4 exd5 7.
exd5 d6 8. Ngf3 Be7 9. O-O Nbd7 10. Re1 O-O 11. Ne4 Nxe4 12. Rxe4 Nb6 13. b3 Bf5 14. Rf4 Bg6 15. Bd2 Nxc4 16. bxc4 Bf6 17. h4 Bxa1 18. Qxa1 Rb8 19. Qc3 Rb1+ 20. Kh2 Re8 21. Be3 Re4 22. Ng5 Rxf4 23. Bxf4 h6 24. Nf3 Be4 25. Bg3 Bxf3 26.
Qxf3 Rc1 27. Qb3 Qf6 28. Qb8+ Kh7 29. Qxd6 Qxd6 30. Bxd6 Rxc4 31. Be5 f6 32. Bd6 Kg6 33. Kg3 Kf5 34. Bf8 h5 35. d6 Rd4 36. d7 c4 37.
Bxg7 Rxd7 38. Bh6 c3 39. Be3 c2 0-1

[Event "*** Titled Tuesday Blitz"]
[Site "Chess.com"]
[Date "2020.11.03"]
[Round "3"]
[White "ShahMatKanal"]
[Black "Chess2019Player"]
[Result "1-0"]
[WhiteElo "2511"]
[BlackElo "2255"]
[TimeControl "180+1"]
[EndTime "10:30:26 PST"]
[Termination "ShahMatKanal won on time"]

1. b4 Nf6 2. Bb2 b6 3. f4 Bb7 4. Nf3 e6 5. a3 Be7 6. e3 O-O 7. Bd3 Ne4 8. Nc3 f5 9. Rb1 Bf6 10. O-O Nxc3 11. dxc3 Nc6 12. Qd2 Ne7 13. c4 Qe8 14. Qe2 Rd8 15. e4 fxe4 16. Bxe4 Bxe4 17. Qxe4 Nf5 18. Be5 Bxe5 19. Nxe5 Nd6 20. Qd3 Qh5 21.
Rf3 Qf5 22. Qxf5 Rxf5 23. Rd1 Ne4 24. g4 Rff8 25. Rxd7 Rxd7 26. Nxd7 Rd8 27. Rd3 Re8 28. Ne5 Nd6 29. Kg2 Kf8 30. h4 Kg8 31. h5 Re7 32. c5 Ne8 33. Rd8 1-0

[Event "*** Titled Tuesday Blitz"]
[Site "Chess.com"]
[Date "2020.11.03"]
[Round "3"]
[White "mc4chess"]
[Black "Semen_Khanin"]
[Result "0-1"]
[WhiteElo "2406"]
[BlackElo "2784"]
[TimeControl "180+1"]
[EndTime "10:30:27 PST"]
[Termination "Semen_Khanin won on time"]

1. e4 c5 2. Nf3 e6 3. d4 cxd4 4. Nxd4 Nc6 5. Nxc6 bxc6 6. c4 Nf6 7. Bd3 e5 8. O-O Bc5 9. Nc3 d6 10. b3 O-O 11. Bb2 Bd4 12. Qc2 Nh5 13. Ne2 Bxb2 14. Qxb2 Qg5 15. Kh1 f5 16. exf5 Bxf5 17. Bxf5 Rxf5 18. Ng3 Nxg3+ 19. fxg3 Raf8 20. Qe2 d5 21. cxd5 cxd5 22. Qb5 Rxf1+ 23. Rxf1 Rxf1+ 24. Qxf1 e4 25. Qd1 h6 26. Kg1 Qe5 27. Kf2 d4 28. Qg4 Qd5 29.
Ke2 d3+ 30. Kd2 h5 31. Qg6 e3+ 32. Kxe3 d2 33. Qe8+ Kh7 0-1

[Event "*** Titled Tuesday Blitz"]
[Site "Chess.com"]
[Date "2020.11.03"]
[Round "3"]
[White "Kolle05"]
[Black "crywolf1986"]
[Result "0-1"]
[WhiteElo "2361"]
[BlackElo "2575"]
[TimeControl "180+1"]
[EndTime "10:30:27 PST"]
[Termination "crywolf1986 won on time"]

1. e4 c6 2. Nc3 d5 3. Nf3 a6 4. d4 b5 5. a3 Bg4 6. Be2 e6 7. h3 Bh5 8. O-O Nf6 9. exd5 cxd5 10. Ne5 Bxe2 11. Qxe2 Be7 12. Be3 O-O 13. g4 Nfd7 14.
f4 Nxe5 15. fxe5 Nc6 16. Nd1 Bg5 17. Nf2 Rc8 18. c3 Bxe3 19. Qxe3 a5 20. Nd3 b4 21. axb4 axb4 22. Nc5 bxc3 23. bxc3 Qh4 24. Kg2 h5 25. g5 Ne7 26. Qf4 Qxf4 27. Rxf4 Ng6 28. Rff1 Nxe5 29. Ra7 Ng6 30. Rb1 Nh4+ 31. Kg3 Nf5+ 32.
Kf4 Rb8 33. Rxb8 Rxb8 34. g6 fxg6 35. Nxe6 Rc8 36. Ke5 Re8 37. Kxd5 Ne7+ 38. Kd6 Nc8+ 39. Kd7 Re7+ 0-1

[Event "*** Titled Tuesday Blitz"]
[Site "Chess.com"]
[Date "2020.11.03"]
[Round "3"]
[White "esrosenberg"]
[Black "RaneshRatnesan"]
[Result "1-0"]
[WhiteElo "2331"]
[BlackElo "2089"]
[TimeControl "180+1"]
[EndTime "10:30:27 PST"]
[Termination "esrosenberg won by resignation"]

1. Nf3 Nf6 2. c4 g6 3. Nc3 Bg7 4. e4 O-O 5. d4 d6 6. h3 c5 7. d5 a6 8. Bd3 Nbd7 9. O-O Rb8 10. Qe2 Ne8 11. Bf4 Ne5 12. Nxe5 dxe5 13. Be3 b6 14. a4 a5 15. Rad1 Nd6 16. b3 f5 17.
exf5 gxf5 18. Bb1 Qe8 19. Qc2 Qg6 20. Kh1 Bd7 21. Rg1 Qh5 22. Qe2 Qh4 23. Bd2 Be8 24.
Be1 Bh5 25. f3 Qf6 26. g4 Bg6 27. Bg3 f4 28. Bf2 Bh6 29. Ne4 Bxe4 30. Bxe4 Bg5 31. h4 h6 32. hxg5 hxg5 33. Kg2 Kg7 34. Rh1 Rh8 35. Rxh8 Rxh8 36. Rh1 Rxh1 37. Kxh1 Qh6+ 38. Kg2 Kf6 39. Qf1 Qg7 40. Qh1 Nf7 41. Qh5 Nd6 42.
Be1 e6 43. dxe6 Kxe6 44. Qg6+ Qxg6 45. Bxg6 Nc8 46. Bf5+ Kd6 47. Bxc8 Ke7 48. Bf5 Kf6 49. Bc3 Kf7 50. Bxe5 Ke7 51. Bc7 1-0

[Event "*** Titled Tuesday Blitz"]
[Site "Chess.com"]
[Date "2020.11.03"]
[Round "3"]
[White "Nachsueb"]
[Black "Chessbard1972"]
[Result "1-0"]
[WhiteElo "2061"]
[BlackElo "2294"]
[TimeControl "180+1"]
[EndTime "10:30:27 PST"]
[Termination "Nachsueb won by checkmate"]

1. c4 Nf6 2. Nc3 g6 3. e4 d6 4. d4 Bg7 5. f4 O-O 6. Nf3 c5 7. d5 Bg4 8. Be2 e6 9. O-O exd5 10. cxd5 Nbd7 11. Nd2 Bxe2 12. Qxe2 Re8 13. Nc4 Nb6 14.
Nxb6 Qxb6 15. Kh1 a6 16. Qf3 Qc7 17. a4 Rab8 18. a5 b5 19. axb6 Rxb6 20. f5 Rb4 21.
fxg6 hxg6 22. Rxa6 Nxe4 23. Rc6 Qe7 24. Nxe4 Rxe4 25.
Bf4 Be5 26. Qxe4 f5 27. Qf3 Bxb2 28. Bxd6 Qe3 29. Qxe3 Rxe3 30. Bxc5 Rd3 31. d6 Kf7 32. Rc7+ Kf6 33. Re1 Bc3 34. Rc1 Bb2 35. Rb1 Be5 36. Rc6 Kg5 37. h4+ Kxh4 38. Re1 Bg3 39. Rb1 f4 40. Rc7 g5 41. d7 g4 42. Be7+ Kh5 43.
Rc5+ Kg6 44. Rc6+ Kf7 45. Rd6 Rxd6 46. Bxd6 Bh4 47. Bc7 f3 48. gxf3 gxf3 49. d8=Q Bxd8 50. Bxd8 Ke6 51. Bh4 Kf5 52. Kg1 Kg4 53. Kf2 Kxh4 54. Kxf3 Kg5 55. Rb5+ Kf6 56. Ke4 Ke6 57. Rd5 Kf6 58.
Re5 Kg6 59. Rf5 Kh6 60. Ke5 Kg6 61. Ke6 Kg7 62. Rf6 Kg8 63. Rf7 Kh8 64. Kf6 Kg8 65. Kg6 Kh8 66. Rf8# 1-0

[Event "*** Titled Tuesday Blitz"]
[Site "Chess.com"]
[Date "2020.11.03"]
[Round "3"]
[White "dretch"]
[Black "sokidze"]
[Result "1-0"]
[WhiteElo "2820"]
[BlackElo "2535"]
[TimeControl "180+1"]
[EndTime "10:30:30 PST"]
[Termination "dretch won by resignation"]

1. d4 Nf6 2. c4 e6 3. Nc3 Bb4 4. Qc2 d5 5. cxd5 exd5 6. Bg5 h6 7. Bxf6 Qxf6 8. a3 Bxc3+ 9. Qxc3 O-O 10. e3 Bf5 11.
Ne2 Nd7 12. Ng3 Be6 13. Qxc7 Rfc8 14. Qf4 Qxf4 15. exf4 Nb6 16. Bd3 Na4 17. Rb1 a6 18.
Kd2 Bd7 19. b3 Nc3 20. Rbc1 Nb5 21. Rxc8+ Rxc8 22. Bxb5 Bxb5 23. Rc1 Bc6 24. f5 Kf8 25.
Nh5 Re8 26. Re1 Rd8 27. g4 Bd7 28. f3 Re8 29. Rxe8+ Bxe8 30. f6 g6 31. Nf4 Bc6 32. Nd3 Ke8 33. Ne5 Bd7 34. h4 Be6 35. Kc3 Kd8 36. Kb4 Kc7 37. Ka5 Kc8 38. Kb6 Kb8 39. a4 Kc8 40. b4 Kb8 41. b5 axb5 42. axb5 Kc8 43. Kc5 Kc7 44. b6+ Kc8 45. Kd6 Kd8 46. Nxg6 1-0

[Event "*** Titled Tuesday Blitz"]
[Site "Chess.com"]
[Date "2020.11.03"]
[Round "3"]
[White "Duhless"]
[Black "Kezin_Roman"]
[Result "1-0"]
[WhiteElo "2997"]
[BlackElo "2722"]
[TimeControl "180+1"]
[EndTime "10:30:31 PST"]
[Termination "Duhless won on time"]

1. d4 d5 2. Nf3 Nf6 3. c4 e6 4. Bg5 dxc4 5. e4 b5 6. a4 c6 7. Nc3 Qb6 8. Be2 Bb7 9. O-O a6 10. Bxf6 gxf6 11. d5 Nd7 12. axb5 cxb5 13. Nd4 O-O-O 14. Bg4 Ne5 15. dxe6 Kb8 16. Nd5 Bxd5 17.
exd5 Rxd5 18. Bf3 Rxd4 19. Rxa6 Qxa6 20. Qxd4 Nxf3+ 21. gxf3 Be7 22. exf7 Qd6 23. Qe4 Qe5 24. Qc6 Bd6 25. Rd1 Qxh2+ 26. Kf1 Bc7 27. Qxb5+ Kc8 28. Qe8+ Kb7 29. Qb5+ Kc8 30. Qa6+ Kb8 31. Ra1 Qh3+ 32. Ke2 1-0

[Event "*** Titled Tuesday Blitz"]
[Site "Chess.com"]
[Date "2020.11.03"]
[Round "3"]
[White "kai_nov"]
[Black "Susal_De_Silva"]
[Result "0-1"]
[WhiteElo "2283"]
[BlackElo "2521"]
[TimeControl "180+1"]
[EndTime "10:30:31 PST"]
[Termination "Susal_De_Silva won on time"]

1. d4 Nf6 2. c4 e6 3. Nc3 Bb4 4. f3 c5 5. d5 O-O 6. e4 b5 7.
e5 exd5 8. exf6 d4 9. a3 Ba5 10.
b4 dxc3 11. bxa5 Re8+ 12. Kf2 Qxf6 13. Qd5 Nc6 14. Bg5 Qg6 15. Bd3 Qe6 16. Qxe6 fxe6 17. cxb5 Nxa5 18. Ne2 d5 19. Nxc3 c4 20. Bc2 d4 21.
Be4 Rb8 22. Ne2 e5 23. Rab1 Be6 24. f4 h6 25. f5 Rf8 26. Be7 Rf7 27. Bd6 Bxf5 28.
Bd5 Be6+ 29. Kg3 Re8 30. Bxe6 Rxe6 31. Bb4 Rg6+ 32. Kh3 Nb3 33. Ng3 d3 34. Rhf1 Rgf6 35. Rxf6 Rxf6 36. Ne4 Rf4 37. Nd6 d2 38. Rd1 Rd4 39. Nf5 Rd3+ 40. Kg4 c3 0-1